 Dungeon Crawl Stone Soup version 0.22-a0-135-g6f012ad (webtiles) character file.

11679 varam the Cleaver (level 11, 0/100 HPs)
             Began as a Deep Dwarf Gladiator on Jan 30, 2018.
             Was a Believer of Uskayaw.
             Slain by Snorg (12 damage)
             ... on level 11 of the Dungeon on Jan 31, 2018.
             The game lasted 00:35:09 (9309 turns).

varam the Cleaver (Deep Dwarf Gladiator)            Turns: 9309, Time: 00:35:10

Health: 0/100      AC: 14    Str: 18    XL:     11   Next: 52%
Magic:  10/10      EV: 12    Int:  9    God:    Uskayaw [**....]
Gold:   792        SH: 11    Dex: 17    Spells: 14/14 levels left

rFire    . . .     SeeInvis .   a - +0 war axe
rCold    + . .     Gourm    .   h - +0 shield
rNeg     + . .     Faith    .   w - +2 ring mail {rC+}
rPois    .         Spirit   .   c - +0 helmet
rElec    .         Reflect  .   i - +0 cloak
rCorr    .         Harm     +   E - +0 pair of gloves
MR       +....                  d - +0 pair of boots
Stlth    +.........             S - amulet of harm
HPRegen  0.00/turn              u - +1 ring of evasion
MPRegen  0.12/turn              M - ring of positive energy

@: non-regenerating
A: damage resistance, heal wounds, sense surroundings 2, no regeneration
a: Heal Wounds, Stomp, Line Pass, Renounce Religion


You were on level 11 of the Dungeon.
You worshipped Uskayaw.
Uskayaw was noncommittal.
You were not hungry.

You visited 2 branches of the dungeon, and saw 12 of its levels.
You also visited: Bailey.

You collected 792 gold pieces.

Inventory:

Hand Weapons
 a - a +0 war axe (weapon)
 J - a +4 dagger of distortion
 V - the +5 demon whip "Spellbinder" {antimagic, MR+}
   (You found it on level 11 of the Dungeon)

   It reduces the magical energy of the wielder, and disrupts the spells and
   magical abilities of those hit.
   Natural abilities and divine invocations are not affected.
   It affects your resistance to hostile enchantments.
Missiles
 x - 11 tomahawks (quivered)
 G - 69 tomahawks of returning
Armour
 c - a +0 helmet (worn)
 d - a +0 pair of boots (worn)
 h - a +0 shield (worn)
 i - a +0 cloak (worn)
 w - a +2 ring mail of cold resistance (worn)
 E - a +0 pair of gloves (worn)
Jewellery
 q - an uncursed amulet of rage
 u - a +1 ring of evasion (left hand)
 F - an uncursed ring of protection from fire
 M - a ring of positive energy (right hand)
 S - an amulet of harm (around neck)
Wands
 B - a wand of polymorph (7)
 T - a wand of iceblast (8)
 X - a wand of acid (11)
Scrolls
 g - a scroll of blinking {unknown}
 k - 6 scrolls of fog
 m - 4 scrolls of remove curse
 n - 3 scrolls of enchant weapon {unknown}
 p - a scroll of random uselessness {unknown}
 y - 4 scrolls of immolation
 z - 3 scrolls of magic mapping {unknown}
 C - 5 scrolls of enchant armour {unknown}
 D - 5 scrolls of teleportation {unknown}
 H - 2 scrolls of amnesia {unknown}
 I - 7 scrolls of identify
 O - 3 scrolls of brand weapon {unknown}
 R - a scroll of fear {unknown}
 U - a scroll of noise {unknown}
 W - a scroll of holy word {unknown}
Potions
 e - 3 potions of haste
 j - 3 potions of lignification
 l - 14 potions of curing
 o - 3 potions of brilliance
 r - 7 potions of heal wounds
 s - 2 potions of berserk rage {unknown}
 t - 4 potions of mutation {unknown}
 v - a potion of flight {unknown}
 A - a potion of ambrosia {unknown}
 K - a potion of agility {unknown}
 L - a potion of invisibility {unknown}
 N - a potion of resistance {unknown}
 P - 2 potions of might
 Q - 3 potions of magic {unknown}
Comestibles
 b - 17 chunks of flesh
 f - 18 rations


   Skills:
 + Level 7.2 Fighting
 * Level 13.2 Axes
 - Level 2.0 Throwing
 + Level 8.4 Armour
 - Level 3.4 Dodging
 + Level 8.4 Shields
 + Level 2.0 Spellcasting
 - Level 3.5 Evocations


You had 14 spell levels left.
You didn't know any spells.

Dungeon Overview and Level Annotations

Branches:
Dungeon (11/15)            Temple (1/1) D:6             Orc (0/2) D:9
   Lair: D:8-11

Altars:
Ashenzari
Cheibriados
Dithmenos
Elyvilon
Fedhas
Gozag
Hepliaklqana
Kikubaaqudgha
Makhleb
Nemelex Xobeh
Okawaru
Qazlal
Ru
Sif Muna
Trog
Uskayaw
Vehumet
Wu Jian
Xom
Yredelemnul
Zin
The Shining One

Shops:
D:7 ?   D:9 [

Annotations:
D:11 Snorg


Innate Abilities, Weirdness & Mutations

You are resistant to damage.
You can heal yourself by infusing magical energy.
You passively map the area around you.
You do not regenerate.


Message History

* * * LOW HITPOINT WARNING * * *
You block Snorg's attack. x2
You slice Snorg!!
Snorg is severely wounded.
You block Snorg's attack. x2; Snorg claws you.
* * * LOW HITPOINT WARNING * * *
You block Snorg's attack. Snorg claws you.
* * * LOW HITPOINT WARNING * * *
Snorg closely misses you.
Uskayaw will force your foes to helplessly watch your dance.
Uskayaw prepares the audience for your solo!
Snorg is no longer paralysed.
Snorg barely misses you. Snorg claws you but does no damage.
You block Snorg's attack. You block Snorg's attack.
Snorg claws you but does no damage. You block Snorg's attack.
You block Snorg's attack. Snorg completely misses you. Snorg claws you.
* * * LOW HITPOINT WARNING * * *
You block Snorg's attack. Snorg claws you!
You die...

*########################
*
.......@T...............
*
*##......................
, #.#####...........#####
, #...........# #
#...........# # * * *
#...........# # ,
#...........# # *
#...........# #
#......>....#


You could see Snorg (berserk).

Vanquished Creatures
  4 two-headed ogres
  A cyclops (D:11)
  A gargoyle (D:11)
  A hornet (D:10)
  Grinder (D:3)
  2 hippogriffs
  A yak (D:7)
  Eustachio (D:6)
  3 hogs (D:7)
  A human (D:7)
  Grum (D:8)
  A steam dragon (D:10)
  Menkaure (D:5)
  Duvessa (D:7)
  7 orc warriors
  3 black bears
  6 ice beasts
  4 sky beasts
  3 phantoms
  7 ogres
  A necrophage (D:10)
  An eye of draining (D:11)
  2 wolves (D:8)
  4 centaurs
  A crocodile (D:10)
  4 bullfrogs
  A gnoll sergeant (D:10)
  Dowan (D:7)
  A scorpion (D:5)
  10 killer bees
  5 wights
  A howler monkey (D:6)
  2 centaur zombies (D:4)
  3 crimson imps
  4 jellies
  2 bullfrog zombies
  11 orc wizards
  4 orc priests
  8 hounds
  A bullfrog skeleton (D:9)
  3 centaur skeletons
  3 iguanas
  6 worker ants
  A howler monkey zombie (D:6)
  3 worker ant zombies (D:4)
  Robin (D:3)
  19 gnolls
  10 adders
  2 shadow imps
  2 adder skeletons
  5 adder zombies (D:4)
  2 worms (D:3)
  36 orcs
  4 ball pythons
  7 bats
  6 giant cockroaches
  15 goblins
  21 hobgoblins
  4 jackals
  12 kobolds (Bailey)
  A quokka (D:3)
  4 frilled lizards
  2 giant cockroach zombies (D:4)
  A jackal zombie (D:4)
  3 leopard gecko skeletons
  A leopard gecko zombie (D:4)
  A quokka skeleton (D:4)
  4 rats
296 creatures vanquished.

Vanquished Creatures (others)
  A gnoll (D:11)
1 creature vanquished.

Grand Total: 297 creatures vanquished

Notes
Turn   | Place    | Note
-------+----------+-------------------------------------------
     0 | D:1      | varam the Deep Dwarf Gladiator began the quest for the Orb.
     0 | D:1      | Reached XP level 1. HP: 19/19 MP: 1/1
   283 | D:1      | Reached skill level 2 in Fighting
   283 | D:1      | Reached skill level 2 in Throwing
   283 | D:1      | Reached XP level 2. HP: 23/26 MP: 2/2
  1034 | D:2      | Reached skill level 4 in Axes
  1034 | D:2      | Reached XP level 3. HP: 23/32 MP: 3/3
  1428 | D:3      | Reached skill level 5 in Axes
  1442 | D:3      | Reached XP level 4. HP: 28/39 MP: 4/4
  1458 | D:3      | Noticed Grinder
  1473 | D:3      | Killed Grinder
  1473 | D:3      | Reached skill level 6 in Axes
  1473 | D:3      | Reached skill level 3 in Evocations
  1473 | D:3      | Reached XP level 5. HP: 27/45 MP: 4/7
  1473 | D:3      | Reached XP level 6. HP: 32/52 MP: 4/8
  1844 | D:3      | Noticed Robin
  1873 | D:3      | Killed Robin
  2151 | D:3      | Found a shadowy altar of Dithmenos.
  2201 | D:3      | Found an ornate altar of the Wu Jian Council.
  2459 | D:4      | Reached skill level 7 in Axes
  2612 | D:4      | Reached skill level 1 in Armour
  2612 | D:4      | Reached skill level 1 in Shields
  2749 | D:4      | Found an iron altar of Okawaru.
  2757 | D:4      | Noticed an ice beast
  2778 | D:4      | Killed an ice beast
  2778 | D:4      | Reached XP level 7. HP: 38/61 MP: 9/9
  2909 | D:4      | Reached skill level 2 in Shields
  2910 | D:4      | Reached skill level 2 in Armour
  3245 | D:5      | Entered Level 5 of the Dungeon
  3590 | D:5      | Reached skill level 3 in Fighting
  3630 | D:5      | Found a sparkling altar of Nemelex Xobeh.
  3672 | D:5      | Reached skill level 8 in Axes
  3963 | D:5      | Noticed Menkaure
  3968 | D:5      | Killed Menkaure
  3968 | D:5      | Reached skill level 3 in Armour
  3968 | D:5      | Reached skill level 3 in Shields
  3968 | D:5      | Reached XP level 8. HP: 69/69 MP: 10/10
  4152 | D:6      | Found an ancient bone altar of Kikubaaqudgha.
  4347 | D:6      | Found a hazy altar of Hepliaklqana.
  4353 | D:6      | Noticed Eustachio
  4377 | D:6      | Killed Eustachio
  4377 | D:6      | Reached skill level 9 in Axes
  4377 | D:6      | Reached skill level 4 in Shields
  4432 | D:6      | Reached skill level 4 in Fighting
  4432 | D:6      | Reached skill level 4 in Armour
  4547 | D:6      | Found a staircase to the Ecumenical Temple.
  4558 | Temple   | Entered the Ecumenical Temple
  4929 | Temple   | Became a worshipper of Uskayaw the Reveler
  5147 | D:6      | Reached * piety under Uskayaw
  5149 | D:6      | Reached ** piety under Uskayaw
  5246 | D:7      | Noticed Duvessa
  5251 | D:7      | Noticed Dowan
  5367 | D:7      | Killed Duvessa
  5369 | D:7      | Reached *** piety under Uskayaw
  5370 | D:7      | Reached **** piety under Uskayaw
  5371 | D:7      | Gained mutation: You passively map the area around you. [Deep Dwarf growth]
  5371 | D:7      | Reached XP level 9. HP: 79/79 MP: 11/11
  5373 | D:7      | Reached ***** piety under Uskayaw
  5378 | D:7      | Killed Dowan
  5414 | D:7      | Reached skill level 10 in Axes
  5414 | D:7      | Reached skill level 5 in Shields
  5634 | D:7      | Found a radiant altar of Vehumet.
  5641 | D:7      | Found an iron altar of Okawaru.
  5641 | D:7      | Found a burning altar of Makhleb.
  5693 | D:7      | Reached skill level 5 in Armour
  5700 | D:7      | Found Zudwilug's Magic Scroll Shop.
  6024 | D:7      | Reached skill level 5 in Fighting
  6030 | D:7      | Reached skill level 6 in Shields
  6119 | D:8      | Noticed a two-headed ogre
  6126 | D:8      | Reached skill level 11 in Axes
  6128 | D:8      | HP: 7/81 [two-headed ogre/giant club (13)]
  6135 | D:7      | Reached skill level 6 in Armour
  6138 | D:7      | Killed a two-headed ogre
  6138 | D:7      | Reached XP level 10. HP: 61/91 MP: 9/12
  6299 | D:8      | Noticed a two-headed ogre
  6306 | D:8      | Noticed Grum
  6342 | D:8      | Killed a two-headed ogre
  6342 | D:8      | Reached skill level 6 in Fighting
  6346 | D:8      | Killed Grum
  6352 | D:8      | Reached skill level 7 in Shields
  6433 | D:8      | Reached skill level 7 in Armour
  6699 | D:8      | Found Uqykh's Jewellery Emporium.
  6827 | D:8      | Noticed a two-headed ogre
  6838 | D:8      | Killed a two-headed ogre
  6838 | D:8      | Reached skill level 12 in Axes
  7018 | D:9      | Found a staircase to the Orcish Mines.
  7018 | D:9      | Found Ikkisaha's Armour Emporium.
  7096 | D:9      | Found a white marble altar of Elyvilon.
  7222 | D:9      | Found a flagged portal.
  7230 | Bailey   | Entered a bailey
  7465 | Bailey   | Reached XP level 11. HP: 74/99 MP: 9/9
  7557 | D:9      | Found a sacrificial altar of Ru.
  8031 | D:10     | Entered Level 10 of the Dungeon
  8138 | D:10     | Upgraded the game from 0.22-a0-126-g307c7c3 to 0.22-a0-135-g6f012ad
  8490 | D:10     | Reached skill level 1 in Spellcasting
  8646 | D:10     | Reached skill level 8 in Shields
  8821 | D:11     | Reached skill level 7 in Fighting
  8821 | D:11     | Reached skill level 8 in Armour
  8832 | D:11     | Found the +5 demon whip "Spellbinder" {antimagic, MR+}
  8990 | D:11     | Noticed a two-headed ogre
  9062 | D:10     | Reached skill level 13 in Axes
  9103 | D:11     | Killed a two-headed ogre
  9103 | D:11     | Reached skill level 2 in Spellcasting
  9256 | D:11     | Noticed Snorg
  9257 | D:11     | Noticed a death yak
  9309 | D:11     | Slain by Snorg

Vault maps used:
D:1:      dpeg_arrival_concentric_ovals, solitary_fountain
D:2:      first_ration
D:3:      overflow_temple_1_default, lemuel_crystal_altar, uniq_grinder,
          uniq_robin
D:4:      serial_undead, serial_undead_c, serial_undead_d, serial_undead_d,
          serial_undead_c, serial_undead_d, serial_undead_a, serial_undead_c,
          serial_undead_c, okawaru_gym_becter
D:5:      nemelex_xobeh_ov_fountains_minmay, lemuel_flamethrower_2,
          uniq_menkaure
D:6:      kennysheep_little_box, lemuel_crystal_altar,
          minmay_temple_entry_statues_fountains, uniq_eustachio
D:7:      grunt_temple_overflow_open, serial_shops, shop, grunt_livestock,
          glass_columns_b, uniq_duvessa
D:8:      serial_shops, nicolae_shop_stone, uniq_grum
D:9:      elyvilon_altar_5, orc_david_3, enter_bailey_3,
          nicolae_ru_sacrificial_ziggurat
D:11:     dpeg_lair_monsters, basic_altar, uniq_snorg
Temple:   oiseaux_autumnal_temple
Bailey:   bailey_axe_2, bailey

Skill      XL: |  1  2  3  4  5  6  7  8  9 10 11 |
---------------+----------------------------------+-----
Fighting       | 2 3 4 5 6 7 |  7.2
Throwing       | 2 |  2.0
Axes           | 4 5 6 7 8 9 11 12 13 | 13.2
Evocations     | 3 |  3.5
Armour         | 1 3 4 6 7 8 |  8.4
Shields        | 1 3 4 6 7 8 |  8.4
Spellcasting   | 2 |  2.0
Dodging        | |  3.4

Action                   |  1- 3 |  4- 6 |  7- 9 | 10-12 || total
-------------------------+-------+-------+-------+-------++-------
Melee: War axe           |    68 |   163 |   258 |   506 ||   995
Throw: Throwing net      |       |     2 |     1 |     2 ||     5
       Tomahawk          |       |       |       |     4 ||     4
Invok: Stomp             |       |       |     3 |     2 ||     5
 Abil: Evoke Berserk Rag |       |     1 |     7 |     5 ||    13
       Heal Wounds       |       |     2 |     9 |    23 ||    34
  Use: Potion            |       |     1 |       |       ||     1
       Scroll            |       |       |     7 |       ||     7
 Stab: Sleeping          |     1 |       |       |       ||     1
       Paralysed         |       |       |    13 |    31 ||    44
  Eat: Chunk             |     2 |     5 |    13 |    14 ||    34
       Ration            |       |       |     1 |     1 ||     2
Armor: Leather armour    |    17 |    21 |       |       ||    38
       Ring mail         |       |    30 |   113 |   146 ||   289
Dodge: Dodged            |    51 |   119 |   224 |   259 ||   653
Block: Shield            |       |     7 |       |   246 ||   253
       Buckler           |       |       |    39 |    19 ||    58

Table legend:
 A = Spawn XP
 B = Non-spawn XP
 C = Spawn XP percentage of total XP
 D = Spawn monster count
 E = Non-spawn monster count
 F = Spawn count percentage of total count
 G = Total turns spent on level
                    A         B        C        D         E        F      G
               +---------+---------+-------+---------+---------+-------+---------
         Total |       0 |   16685 |   0.0 |       0 |     296 |   0.0 |  9309
               +---------+---------+-------+---------+---------+-------+---------
           D:1 |       0 |      25 |   0.0 |       0 |      15 |   0.0 |   973
           D:2 |       0 |      63 |   0.0 |       0 |       7 |   0.0 |   452
           D:3 |       0 |     386 |   0.0 |       0 |      32 |   0.0 |   979
           D:4 |       0 |     492 |   0.0 |       0 |      28 |   0.0 |   855
           D:5 |       0 |     601 |   0.0 |       0 |      19 |   0.0 |   839
           D:6 |       0 |     971 |   0.0 |       0 |      13 |   0.0 |   846
           D:7 |       0 |    3519 |   0.0 |       0 |      32 |   0.0 |   774
           D:8 |       0 |    3364 |   0.0 |       0 |      35 |   0.0 |   843
           D:9 |       0 |    1717 |   0.0 |       0 |      28 |   0.0 |   778
          D:10 |       0 |    2200 |   0.0 |       0 |      28 |   0.0 |   849
          D:11 |       0 |    3003 |   0.0 |       0 |      25 |   0.0 |   429
        Bailey |       0 |     344 |   0.0 |       0 |      34 |   0.0 |   283
               +---------+---------+-------+---------+---------+-------+---------
